 Dungeon Crawl Stone Soup version 0.25-a0-949-gdd2af9e06e (webtiles) character file.

Game seed: 11068268807116952573, levelgen mode: deterministic

84958 Flugslaktarn the Severer (level 15, -6/142 HPs)
             Began as a Minotaur Fighter on May 9, 2020.
             Was the Champion of Ru.
             Killed from afar by a naga warrior (10 damage)
             ... with an exploding inner flame
             ... hexed by the player character
             ... on level 4 of the Snake Pit.
             The game lasted 00:11:41 (19920 turns).

Flugslaktarn the Severer (Minotaur Fighter)        Turns: 19920, Time: 00:11:42

Health: -6/142     AC: 27    Str: 22    XL:     15   Next: 36%
Magic:  14/14      EV: 12    Int:  3    God:    Ru [******]
Gold:   2403       SH: 19    Dex: 20    Spells: 14/14 levels left

rFire    . . .     SeeInvis .   y - +7 war axe (elec)
rCold    + + .     Gourm    .   F - +0 kite shield
rNeg     . . .     Faith    .   D - +0 plate armour {rPois}
rPois    +         Spirit   .   K - +2 hat of the Fiddle {+Inv +Fly MR+++ Stlth-}
rElec    .         Reflect  +   (no cloak)
rCorr    .         Harm     .   E - +2 pair of gloves
MR       ++++.                  o - +0 pair of boots
Stlth    ..........             v - amulet of Twilight {Reflect rC++ Int-2 Dex+5 SH+5}
HPRegen  0.33/turn              j - +2 ring of slaying
MPRegen  0.14/turn              p - +3 ring of protection

@: lethally poisoned (-6 -> -15)
A: retaliatory headbutt, horns 2, talons 1, rugged brown scales 1, inability to
use devices, hated by all, unskilled 1, inexperienced 1
a: Draw Out Power, Power Leap, Apocalypse, Renounce Religion


You were on level 4 of the Snake Pit.
You worshipped Ru.
Ru was exalted by your worship.
You were very hungry.

You visited 4 branches of the dungeon, and saw 22 of its levels.
You also visited: Gauntlet and Ice Cave.

You collected 2403 gold pieces.

Inventory:

Hand Weapons
 y - a +7 war axe of electrocution (weapon)
   (You took it off a wight on level 8 of the Dungeon)
Missiles
 l - 3 throwing nets (quivered)
Armour
 g - a scarf of spirit shield
   (You found it on level 5 of the Dungeon)
 o - a +0 pair of boots (worn)
   (You found it on level 4 of the Snake Pit)
 D - a +0 plate armour of poison resistance (worn)
   (You took it off an orc warrior on level 2 of the Orcish Mines)
 E - a +2 pair of gloves (worn)
   (You found it on level 2 of the Lair of Beasts)
 F - a +0 kite shield (worn)
 K - the +2 hat of the Fiddle (worn) {+Inv +Fly MR+++ Stlth-}
   (You found it in a Gauntlet)

   It affects your resistance to hostile enchantments.
   It lets you turn invisible.
   It lets you fly.
   It makes you less stealthy.
Jewellery
 c - an uncursed ring of protection from cold
   (You found it on level 5 of the Dungeon)
 f - an uncursed ring of protection from fire
   (You found it on level 9 of the Dungeon)
 j - a +2 ring of slaying (left hand)
   (You found it in a Gauntlet)
 k - an uncursed ring of resist corrosion
   (You found it in an ice cave)
 m - an uncursed ring of protection from cold
   (You found it on level 6 of the Dungeon)
 p - a +3 ring of protection (right hand)
   (You found it in an ice cave)
 v - the amulet of Twilight (around neck) {Reflect rC++ Int-2 Dex+5 SH+5}
   (You found it on level 6 of the Lair of Beasts)

   [amulet of reflection]

   It shields you and reflects attacks.
   It affects your intelligence (-2).
   It affects your dexterity (+5).
   It greatly protects you from cold.
   It affects your SH (+5).
 H - an uncursed amulet of faith {unknown}
   (You found it on level 4 of the Snake Pit)
 J - the ring "Voquuph" {Int+4 SInv Stlth+}
   (You found it in a Gauntlet)

   [ring of stealth]

   It affects your intelligence (+4).
   It lets you see invisible.
   It makes you more stealthy.
 L - an uncursed ring of protection from cold
   (You took it off a minotaur in a Gauntlet)
Scrolls
 a - 6 scrolls of immolation
 d - 4 scrolls of fear
 i - 2 scrolls of magic mapping
 r - 7 scrolls of identify
 t - 9 scrolls of teleportation
 x - 3 scrolls of remove curse
 z - 2 scrolls of blinking
Potions
 b - a potion of flight
 h - a potion of haste
 n - a potion of resistance
 q - 6 potions of curing
 s - 3 potions of mutation
 u - a potion of ambrosia
 w - 2 potions of heal wounds
 A - 2 potions of lignification
 B - a potion of cancellation
 C - a potion of magic
 G - a potion of invisibility
Comestibles
 e - 42 rations


   Skills:
 + Level 14.1 Fighting
 - Level 16.0 Axes
 + Level 14.1 Armour
 + Level 7.2 Dodging
 + Level 14.1 Shields


You had 14 spell levels left.
You didn't know any spells.
Your spell library was empty.

Dungeon Overview and Level Annotations

Branches:
Dungeon (10/15)            Temple (0/1) D:6            Lair (6/6) D:9
 Shoals (0/4) Lair:3        Snake (4/4) Lair:3        Slime (0/5) Lair:5
    Orc (2/2) D:9             Elf (0/3) Orc:2         IceCv (visited)
Gauntlet (visited)

Altars:
Ashenzari
Kikubaaqudgha
Nemelex Xobeh
Ru
Sif Muna
Yredelemnul
Zin
Beogh
Jiyva

Shops:
D:5 %   Orc:2 =[(*

Annotations:
Lair:1 3 runed translucent doors, Fedex's ghost, journeyman GnWr


Innate Abilities, Weirdness & Mutations

You reflexively headbutt those who attack you in melee.
You have a pair of horns on your head.
You cannot study or use magical devices.
You are hated by all.
You are somewhat unskilled. (-1 Apt)
You are somewhat inexperienced. (-2 XL)
You have sharp toenails.
You are partially covered in rugged brown scales. (AC +1, +3% HP)


Message History

Flame seeps out of the nagaraja.
The nagaraja is moderately wounded.
The fiery explosion engulfs the naga warrior!!
Flame seeps out of the naga warrior.
The naga warrior is heavily wounded.
The fiery explosion engulfs the naga mage!
Flame seeps out of the naga mage.
The naga mage is heavily wounded.
The fiery explosion engulfs you!
* * * LOW HITPOINT WARNING * * *
The fiery explosion engulfs the naga mage!!
The naga mage explodes!
The fiery explosion engulfs the naga sharpshooter!!
Flame seeps out of the naga sharpshooter.
The naga sharpshooter is almost dead.
The fiery explosion engulfs the naga sharpshooter!!!
Flame seeps out of the naga sharpshooter.
The naga sharpshooter is severely wounded.
The fiery explosion engulfs you!
You die...

.........#.. #....
.....#.N... #....
.N.#.N.NN.. #....
#N....NNNN ##..#
#...N⌠NNN### #..#
..#.N.NNN..## #..#
......N§○...# #..#
...#..N§○#..# ###.#
..%...§§@§).# #....
......§§§§..# #....
.%.....§§§..# #^...
#%%(##..(########## ###..
##....%.).).......######.
#...................##..
#.............###.....##
##.%..%......######.#..#
##....###.........##...


You could see 4 naga warriors, 2 nagarajas, 4 naga sharpshooters, 4 naga
ritualists, 2 naga magi and 4 nagas.

Vanquished Creatures
  2 nagarajas (Snake:4)
  An orc warlord (Orc:2)
  Nessos (Lair:5)
  A death ooze (Lair:5)
  A minotaur (Gauntlet)
  Snorg (Lair:6)
  The ghost of Egid the Eclecticist, a journeyman DEWz of Vehumet (Lair:5)
  5 naga warriors
  3 ice dragons
  4 hydras
  A catoblepas (Lair:6)
  A centaur warrior (D:10)
  A hell beast (Gauntlet)
  Harold (Lair:1)
  A two-headed ogre (Orc:2)
  3 anacondas
  2 naga sharpshooters (Snake:4)
  An orc high priest (Orc:2)
  Urug (Orc:2)
  Sonja (Lair:1)
  4 shock serpents
  A salamander mystic (Snake:3)
  3 lindwurms (Lair:6)
  A naga ritualist (Snake:3)
  3 mana vipers
  3 orc knights (Orc:2)
  5 manticores
  2 oklob plants (Lair:3)
  3 orc sorcerers (Orc:2)
  2 salamanders (Snake:3)
  A guardian serpent (Snake:4)
  2 ice statues (IceCv)
  12 black mambas
  7 naga magi
  12 spiny frogs
  8 torpor snails
  4 rime drakes
  8 komodo dragons
  A queen bee (Lair:4)
  2 polar bears (Lair:5)
  3 meliai (Lair:4)
  A jumping spider (shapeshifter) (Gauntlet)
  9 hornets
  2 trolls (D:10)
  3 tyrant leeches (Lair:6)
  A slime creature (shapeshifter) (Gauntlet)
  4 slime creatures (Lair:5)
  3 dream sheep (Lair:6)
  Prince Ribbit (D:8)
  13 hippogriffs
  12 blink frogs
  4 shadows (Gauntlet)
  A spriggan (shapeshifter) (Gauntlet)
  30 yaks
  3 basilisks
  A human (D:8)
  A wyvern (Lair:1)
  4 hogs (D:8)
  2 hungry ghosts
  Menkaure (D:7)
  2 wargs (Orc:2)
  26 nagas
  17 water moccasins
  A hell hound (Gauntlet)
  13 porcupines
  16 orc warriors
  A sky beast (D:5)
  19 ice beasts
  3 black bears
  2 necrophages
  9 ogres
  A phantom (D:4)
  3 wolves (Lair:4)
  5 centaurs
  15 crocodiles
  3 big kobolds
  10 bullfrogs
  Blork the orc (D:5)
  3 scorpions
  31 killer bees
  6 wights
  2 howler monkeys
  2 electric eels (D:8)
  8 crimson imps
  A bullfrog zombie (D:7)
  7 hounds
  15 orc priests
  A centaur skeleton (D:5)
  3 jellies (Lair:5)
  Ijyb (D:3)
  4 iguanas
  18 orc wizards
  8 worker ants
  A mummy (D:6)
  5 adders
  3 shadow imps
  An adder zombie (D:8)
  A worm (D:4)
  A dart slug (D:2)
  6 leopard geckos
  32 orcs
  A ball python (D:2)
  3 bats
  4 giant cockroaches
  7 goblins
  A hobgoblin (D:1)
  7 jackals
  13 kobolds
  6 quokkas
  A frilled lizard (D:2)
  3 hobgoblin zombies (D:6)
  A kobold zombie (D:6)
  A leopard gecko skeleton (D:8)
  A leopard gecko zombie (D:6)
  A quokka skeleton (D:5)
  5 rats (D:2)
  4 fungi
  5 plants
  2 withered plants (Gauntlet)
589 creatures vanquished.

Vanquished Creatures (others)
  A hydra (Lair:1)
  A naga mage (Snake:4)
  A tyrant leech (Lair:6)
  A yak (Lair:2)
  A naga (Snake:2)
  An ogre (D:8)
  A worm (D:6)
  2 orcs
  A quokka (D:10)
  2 fungi
  22 plants
34 creatures vanquished.

Grand Total: 623 creatures vanquished

Notes
Turn   | Place    | Note
-------+----------+-------------------------------------------
     0 | D:1      | Flugslaktarn the Minotaur Fighter began the quest for the
                  | Orb.
     0 | D:1      | Reached XP level 1. HP: 19/19 MP: 0/0
   292 | D:2      | Reached XP level 2. HP: 23/27 MP: 1/1
   297 | D:2      | Reached skill level 3 in Axes
   467 | D:2      | Reached XP level 3. HP: 31/33 MP: 2/2
   829 | D:3      | Noticed Ijyb
   839 | D:3      | Killed Ijyb
   839 | D:3      | Reached XP level 4. HP: 40/40 MP: 3/3
   882 | D:3      | Found a shattered altar of Ashenzari.
   882 | D:3      | Found a sacrificial altar of Ru.
   888 | D:3      | Found a glowing silver altar of Zin.
   890 | D:3      | Found an ancient bone altar of Kikubaaqudgha.
   891 | D:3      | Found a shimmering blue altar of Sif Muna.
  1000 | D:3      | Became a worshipper of Ru the Awakened
  1072 | D:4      | Reached skill level 4 in Axes
  1220 | D:4      | Reached XP level 5. HP: 47/47 MP: 4/4
  1581 | D:4      | Noticed a phantom
  1604 | D:4      | Killed a phantom
  1604 | D:4      | Reached skill level 5 in Axes
  1604 | D:4      | Reached XP level 6. HP: 41/55 MP: 5/5
  1697 | D:4      | Reached skill level 5 in Armour
  1698 | D:4      | Reached skill level 5 in Fighting
  1698 | D:4      | Reached skill level 5 in Shields
  2209 | D:5      | Entered Level 5 of the Dungeon
  2232 | D:5      | Found Xasmeept's Food Shop.
  2241 | D:5      | Reached skill level 6 in Axes
  2322 | D:5      | Noticed Blork the orc
  2341 | D:5      | Killed Blork the orc
  2341 | D:5      | Reached XP level 7. HP: 21/61 MP: 1/6
  2931 | D:5      | Gained mutation: You cannot study or use magical devices.
                  | [Ru sacrifice]
  2931 | D:5      | Reached * piety under Ru
  2931 | D:5      | Reached ** piety under Ru
  3339 | D:6      | Reached skill level 7 in Axes
  3541 | D:6      | Found a staircase to the Ecumenical Temple.
  4088 | D:7      | Reached XP level 8. HP: 67/70 MP: 5/7
  4127 | D:7      | Noticed Menkaure
  4137 | D:7      | Killed Menkaure
  4137 | D:7      | Reached skill level 8 in Axes
  4805 | D:7      | Noticed a hippogriff
  4811 | D:7      | Killed a hippogriff
  4900 | D:8      | Reached skill level 9 in Axes
  4980 | D:8      | Reached XP level 9. HP: 79/79 MP: 8/8
  5009 | D:8      | Gained mutation: You are somewhat inexperienced. (-2 XL)
                  | [Ru sacrifice]
  5009 | D:8      | Reached XP level 8. HP: 67/73 MP: 7/7
  5009 | D:8      | Reached XP level 7. HP: 66/66 MP: 6/6
  5009 | D:8      | Reached *** piety under Ru
  5009 | D:8      | Reached **** piety under Ru
  5383 | D:8      | Reached XP level 8. HP: 40/73 MP: 7/7
  5400 | D:8      | Reached skill level 10 in Axes
  5662 | D:8      | Found a sparkling altar of Nemelex Xobeh.
  6244 | D:8      | Reached XP level 9. HP: 52/82 MP: 3/8
  6416 | D:8      | Noticed Prince Ribbit
  6424 | D:8      | Killed Prince Ribbit
  6424 | D:8      | Reached skill level 11 in Axes
  6635 | D:9      | Found a staircase to the Orcish Mines.
  7282 | D:9      | Reached XP level 10. HP: 91/91 MP: 9/9
  7289 | D:9      | Reached skill level 12 in Axes
  7308 | D:9      | Found a staircase to the Lair.
  7317 | D:9      | Gained mutation: You are hated by all. [Ru sacrifice]
  7317 | D:9      | Reached ***** piety under Ru
  7868 | D:10     | Entered Level 10 of the Dungeon
  8303 | D:10     | Noticed a four-headed hydra
  8327 | D:10     | Noticed a centaur warrior
  8328 | D:10     | Noticed a manticore
  8332 | D:10     | Killed a centaur warrior
  8332 | D:10     | Reached skill level 10 in Fighting
  8332 | D:10     | Reached skill level 13 in Axes
  8332 | D:10     | Reached skill level 10 in Armour
  8332 | D:10     | Reached skill level 10 in Shields
  8341 | D:10     | Killed a manticore
  8341 | D:10     | Reached XP level 11. HP: 19/98 MP: 3/10
  8987 | D:10     | Found a basalt altar of Yredelemnul.
  9027 | D:10     | Killed a 12-headed hydra
  9616 | D:10     | Gained mutation: You are somewhat unskilled. (-1 Apt) [Ru
                  | sacrifice]
  9616 | D:10     | Reduced skill Axes to level 12
  9616 | D:10     | Reached ****** piety under Ru
  9845 | Lair:1   | Entered Level 1 of the Lair of Beasts
  9905 | Lair:1   | Noticed Harold
  9919 | Lair:1   | Killed Harold
 10291 | Lair:1   | Found a runed translucent gate.
 10291 | Lair:1   | Found a runed translucent gate.
 10296 | Lair:1   | Found a runed translucent gate.
 10303 | Lair:1   | Noticed a four-headed hydra
 10314 | Lair:1   | Killed a nine-headed hydra
 10314 | Lair:1   | Reached skill level 10 in Fighting
 10314 | Lair:1   | Reached skill level 13 in Axes
 10314 | Lair:1   | Reached skill level 10 in Armour
 10314 | Lair:1   | Reached skill level 10 in Shields
 10320 | Lair:1   | Noticed Sonja
 10323 | Lair:1   | Paralysed by Sonja for 2 turns
 10339 | Lair:1   | Killed Sonja
 10512 | Lair:1   | Noticed Fedex's ghost (journeyman GnWr)
 11020 | Lair:1   | Found the +7 captain's cutlass {speed, disarm}
 11195 | Lair:2   | Gained mutation: You are partially covered in rugged brown
                  | scales. (AC +1, +3% HP) [potion of mutation]
 11195 | Lair:2   | Gained mutation: You have sharp toenails. [potion of
                  | mutation]
 11333 | Lair:2   | Reached XP level 12. HP: 72/110 MP: 11/11
 12105 | Lair:3   | Found a staircase to the Shoals.
 12311 | Lair:3   | Reached skill level 14 in Axes
 12456 | Lair:3   | Found a staircase to the Snake Pit.
 12568 | Lair:3   | Noticed a six-headed hydra
 12579 | Lair:3   | Killed an 11-headed hydra
 13827 | Lair:5   | Noticed a four-headed hydra
 13834 | Lair:5   | Killed a ten-headed hydra
 13834 | Lair:5   | Reached XP level 13. HP: 76/119 MP: 12/12
 13936 | Lair:5   | Reached skill level 15 in Axes
 14486 | Lair:5   | Noticed Nessos
 14495 | Lair:5   | Found a staircase to the Slime Pits.
 14503 | Lair:5   | Killed Nessos
 14633 | Lair:5   | Found a runed translucent gate.
 14633 | Lair:5   | Found a runed translucent gate.
 14633 | Lair:5   | Found a runed translucent gate.
 14635 | Lair:5   | Noticed a death ooze
 14804 | Lair:5   | Noticed Egid's ghost (journeyman DEWz)
 14806 | Lair:5   | Found a viscous altar of Jiyva.
 14808 | Lair:5   | Killed a death ooze
 14814 | Lair:5   | Killed Egid's ghost
 14893 | Lair:6   | Entered Level 6 of the Lair of Beasts
 15028 | Lair:6   | Found a frozen archway.
 15056 | IceCv    | Entered an ice cave
 15625 | Lair:6   | Reached skill level 16 in Axes
 15707 | Lair:6   | Noticed Snorg
 15717 | Lair:6   | Killed Snorg
 15742 | Lair:6   | Reached skill level 1 in Dodging
 15965 | Lair:6   | Reached XP level 14. HP: 89/130 MP: 13/13
 16051 | Lair:6   | Got a smoking graven amulet
 16135 | Lair:6   | Found a runed translucent door.
 16151 | Lair:6   | Paralysed by a hornet for 3 turns
 16863 | Orc:1    | Entered Level 1 of the Orcish Mines
 16928 | Orc:2    | Entered Level 2 of the Orcish Mines
 16935 | Orc:2    | Found a gate leading to a gauntlet.
 16954 | Gauntlet | Entered a Gauntlet
 16954 | Gauntlet | Found a transporter.
 16954 | Gauntlet | Found a transporter.
 17014 | Gauntlet | Found a transporter.
 17032 | Gauntlet | Found a transporter.
 17032 | Gauntlet | Found a transporter.
 17032 | Gauntlet | Found a transporter.
 17034 | Gauntlet | Found a transporter.
 17034 | Gauntlet | Found a transporter.
 17045 | Gauntlet | Found a transporter.
 17061 | Gauntlet | Found a transporter.
 17071 | Gauntlet | Found a transporter.
 17086 | Gauntlet | Found a transporter.
 17105 | Gauntlet | Found a transporter.
 17106 | Gauntlet | Found a runed translucent door.
 17119 | Gauntlet | Found a transporter.
 17188 | Gauntlet | Got a translucent ivory ring
 17214 | Gauntlet | Got a slimy hat
 17220 | Gauntlet | Identified the +2 hat of the Fiddle {+Inv +Fly MR+++
                  | Stlth-} (You found it in a Gauntlet)
 17226 | Gauntlet | Identified the amulet of Twilight {Reflect rC++ Int-2 Dex+5
                  | SH+5} (You found it on level 6 of the Lair of Beasts)
 17228 | Gauntlet | Identified the ring "Voquuph" {Int+4 SInv Stlth+} (You
                  | found it in a Gauntlet)
 17239 | Gauntlet | Identified the +6 long sword "Ejyideh" {pain, *Rage +Rage
                  | rF+++ Stlth-}
 17262 | Gauntlet | Found the +12 Vampire's Tooth {vamp}
 17265 | Gauntlet | Got a scorched hat
 17293 | Orc:2    | Identified the cursed +0 hat of the Blizzard {+Inv rF++ rN+
                  | Str-5} (You found it in a Gauntlet)
 17465 | Orc:2    | Found a staircase to the Elven Halls.
 17541 | Orc:2    | Noticed Urug
 17548 | Orc:2    | Noticed an orc warlord
 17555 | Orc:2    | Killed Urug
 17718 | Orc:2    | Killed an orc warlord
 17718 | Orc:2    | Reached skill level 5 in Dodging
 17806 | Orc:2    | Found a roughly hewn altar of Beogh.
 17812 | Orc:2    | Found Seom's Jewellery Boutique.
 18006 | Orc:2    | Found Papoeff's Antique Armour Boutique.
 18042 | Orc:2    | Found Imes's General Store.
 18090 | Orc:2    | Found Fifef's Antique Weapon Boutique.
 18238 | Snake:1  | Entered Level 1 of the Snake Pit
 18862 | Snake:4  | Entered Level 4 of the Snake Pit
 18973 | Snake:4  | Noticed a nagaraja
 18981 | Snake:4  | Killed a nagaraja
 18981 | Snake:4  | Reached XP level 15. HP: 101/141 MP: 14/14
 19905 | Snake:4  | Noticed a nagaraja
 19908 | Snake:4  | Noticed a nagaraja
 19908 | Snake:4  | Noticed a nagaraja
 19918 | Snake:4  | Killed a nagaraja
 19920 | Snake:4  | HP: 4/142 [naga mage/exploding inner flame[the player
                  | character] (16)]
 19920 | Snake:4  | Killed from afar by a naga warrior

Levels and vault maps discovered:
D:1:      dpeg_arrival_three_bigger_balls, layout_loops_corners,
          minmay_three_crescents
D:2:      layout_basic, minmay_between, uniq_robin
D:3:      layout_loops_ring, chequers_temple_overflow_minitemple,
          gammafunk_temple_overflow_arena, chequers_ecumenical_altar_island,
          uniq_jessica, uniq_ijyb
D:4:      layout_basic, minmay_misc_feat_nine_boxes
D:5:      layout_loops_ring, serial_shops, shop, first_ration,
          uniq_blork_the_orc
D:6:      layout_rooms, minmay_temple_entry_proselytizer, minmay_mini_ossuary
D:7:      layout_loops_ring, uniq_menkaure
D:8:      layout_basic, grunt_livestock, nemelex_xobeh_ov_fountains_minmay,
          uniq_prince_ribbit1
D:9:      layout_long_grid, minmay_lair_entry_grove, orc_0_dummy
D:10:     minmay_quarter_circles, layout_loops_ring, basic_altar
Lair:1:   layout_small_grid, gammafunk_ghost_icy, uniq_sonja, uniq_harold
Lair:2:   layout_big_grid, lemuel_fruit_tree, infiniplex_staircase_pool
Lair:3:   layout_roguey, minmay_shoals_entry_beasts,
          minmay_snake_entry_guardpost_medium, guppyfry_lair_drakes,
          minmay_lair_oklob_chamber, lemuel_fruit_fields
Lair:4:   layout_roguey, special_room [special_room_bee], serial_bayou_pond_a,
          serial_bayou_shore_b, grunt_megastairs_5
Lair:5:   layout_small_grid, dpeg_slime_entry_corner, gammafunk_ghost_ooze,
          st_stairs_7, chequers_serial_rivers_micro_a, beast_lair_carwin_3,
          uniq_nessos
Lair:6:   hangedman_lair_in_review, layout_big_grid, wormcave,
          portal_ice_cave_entry_pillars_2, uniq_snorg
Snake:1:  kennysheep_six_static_rooms, layout_cave_shapes
Snake:2:  layout_cave_pods, uniq_aizul
Snake:3:  layout_cave_town, nicolae_snake_salamander_stairs, uniq_mara
Snake:4:  snake_pit, layout_onion, serial_shops, shop, grunt_ministairs_8
Orc:1:    layout_diamond_mine, minmay_orc_treasury
Orc:2:    grunt_orc_cross, layout_caves, gauntlet_entry_generic,
          nicolae_orc_rockfall

Skill      XL: |  1  2  3  4  5  6  7  8  9 10 11 12 13 14 15 |
---------------+----------------------------------------------+-----
Axes           | 3 4 5 6 7 10 11 13 13 14 16 | 16.0
Fighting       | 4 5 6 8 9 10 10 11 12 13 14 | 14.1
Shields        | 4 5 6 8 9 10 10 11 12 13 14 | 14.1
Armour         | 4 5 6 8 9 10 10 11 12 13 14 | 14.1
Dodging        | 2 6 7 |  7.2

Action                   |  1- 3 |  4- 6 |  7- 9 | 10-12 | 13-15 || total
-------------------------+-------+-------+-------+-------+-------++-------
Melee: War axe           |    53 |   138 |   363 |   479 |   520 ||  1553
       Headbutt          |     9 |    32 |    63 |    83 |   155 ||   342
       Kick              |       |       |       |    65 |   164 ||   229
Invok: Draw Out Power    |       |       |     2 |     2 |     2 ||     6
       Sacrifice Artific |       |       |     1 |       |       ||     1
       Sacrifice Experie |       |       |     1 |       |       ||     1
       Sacrifice Love    |       |       |       |     1 |       ||     1
       Power Leap        |       |       |       |     2 |       ||     2
       Apocalypse        |       |       |       |     3 |     5 ||     8
       Sacrifice Skill   |       |       |       |     1 |       ||     1
  Use: Potion            |       |     1 |     5 |     2 |       ||     8
       Scroll            |       |       |     8 |    14 |     6 ||    28
 Stab: Invisible         |       |       |     2 |    10 |     8 ||    20
       Paralysed         |       |       |       |     7 |    20 ||    27
       Distracted        |       |       |       |     3 |     4 ||     7
  Eat: Chunk             |       |     5 |    14 |    16 |    11 ||    46
       Ration            |       |       |     1 |     2 |     2 ||     5
Armor: Scale mail        |    36 |     2 |       |       |       ||    38
       Plate armour      |       |    89 |   156 |   239 |   158 ||   642
       Skin              |       |       |    29 |       |       ||    29
Dodge: Dodged            |    34 |    14 |    82 |   112 |    83 ||   325
Block: Kite shield       |    39 |    52 |   229 |   278 |   255 ||   853
       Reflection        |       |       |       |       |    23 ||    23

Table legend:
 A = Non-vault XP
 B = Vault XP
 C = Vault XP percentage of total XP
 D = Non-vault monster count
 E = Vault monster count
 F = Vault count percentage of total count
                 A         B        C        D         E       F
            +---------+---------+-------+---------+---------+-------
      Total |   61732 |   61758 |  50.0 |     355 |     231 |  39.4
            +---------+---------+-------+---------+---------+-------
        D:1 |       6 |       0 |   0.0 |       3 |       0 |   0.0
        D:2 |      54 |      12 |  18.2 |      22 |       7 |  24.1
        D:3 |       3 |      39 |  92.9 |       2 |       1 |  33.3
        D:4 |     559 |       0 |   0.0 |      25 |       0 |   0.0
        D:5 |     300 |      91 |  23.3 |       9 |       1 |  10.0
        D:6 |     290 |      63 |  17.8 |      10 |       6 |  37.5
        D:7 |     754 |     175 |  18.8 |      10 |       1 |   9.1
        D:8 |    1877 |    1253 |  40.0 |      44 |       6 |  12.0
        D:9 |    2076 |    1847 |  47.1 |      20 |      13 |  39.4
       D:10 |    1995 |    5120 |  72.0 |      25 |      25 |  50.0
     Lair:1 |    3298 |    1756 |  34.7 |      16 |       2 |  11.1
     Lair:2 |    4877 |       0 |   0.0 |      21 |       0 |   0.0
     Lair:3 |    3967 |    4301 |  52.0 |      18 |      13 |  41.9
     Lair:4 |    1924 |    2419 |  55.7 |      12 |      25 |  67.6
     Lair:5 |    3871 |    5731 |  59.7 |      15 |      14 |  48.3
     Lair:6 |    6186 |   16446 |  72.7 |      27 |      38 |  58.5
    Snake:1 |     166 |     452 |  73.1 |       1 |       1 |  50.0
    Snake:2 |    3585 |       0 |   0.0 |       8 |       0 |   0.0
    Snake:3 |   12636 |     151 |   1.2 |      24 |       1 |   4.0
    Snake:4 |   10717 |    5010 |  31.9 |      21 |       9 |  30.0
      Orc:1 |     397 |       0 |   0.0 |      10 |       0 |   0.0
      Orc:2 |    2194 |    8113 |  78.7 |      12 |      38 |  76.0
      IceCv |       0 |    5406 | 100.0 |       0 |      20 | 100.0
   Gauntlet |       0 |    3373 | 100.0 |       0 |      10 | 100.0
            +---------+---------+-------+---------+---------+-------
